 Dungeon Crawl Stone Soup version 0.27.1-34-g3ba077fa99 (webtiles) character file.

Game seed: 3745003342936220495

10738 MisterFreud the Spry (level 11, -1/59 HPs)
             Began as a Felid Berserker on Jan 21, 2022.
             Was a High Priest of Trog.
             Slain by a manticore (10 damage)
             ... on level 6 of the Lair of Beasts.
             The game lasted 00:30:13 (24778 turns).

MisterFreud the Spry (Felid Berserker)             Turns: 24778, Time: 00:30:15

Health: -1/59      AC:  3    Str: 13    XL:     11   Next: 40%
Magic:  12/12      EV: 30    Int:  9    God:    Trog [*****.]
Gold:   1170       SH:  0    Dex: 20    Spells: 10/10 levels left
                                        Lives:  0   Deaths: 3

rFire    . . .     SeeInvis +     - Unarmed
rCold    + . .     Faith    .   (shield unavailable)
rNeg     . . .     Spirit   .   (armour unavailable)
rPois    +         Reflect  .   (helmet unavailable)
rElec    +         Harm     .   (cloak unavailable)
rCorr    .         Rampage  .   (gloves unavailable)
Will     +....                  (boots unavailable)
Stlth    +++++.....             u - amulet of the Air {Inacc Air Fly rElec RMsl}
HPRegen  0.19/turn              y - +4 ring of slaying
MPRegen  0.13/turn              c - ring of poison resistance

@: flying, repel missiles, quick
A: very small, claws 1, fangs 3, see invisible, speed 1, shaggy fur 3, stealthy
paws, no weapons or thrown items, no armour, multi-lived
a: Renounce Religion, Berserk, Trog's Hand, Brothers in Arms


You were on level 6 of the Lair of Beasts.
You worshipped Trog.
Trog was extremely pleased with you.
You visited 2 branches of the dungeon, and saw 18 of its levels.

You collected 1170 gold pieces.

Inventory:

Jewellery
 a - a ring of protection from cold
 c - a ring of poison resistance (right paw)
 f - a +4 ring of protection
 k - a +4 ring of protection
 r - a ring of resist corrosion
 u - the amulet of the Air (around neck) {Inacc Air Fly rElec RMsl}
   (You found it on level 6 of the Dungeon)

   [amulet of nothing]

   It reduces the accuracy of all your attacks.
   It enhances your air magic.
   rElec:     It insulates you from electricity.
   Fly:       It grants you flight.
   RMsl:      It protects you from missiles.
 y - a +4 ring of slaying (left paw)
 C - a +6 ring of strength
 D - an amulet of magic regeneration
Wands
 j - a wand of charming (31)
 l - a wand of flame (32)
 m - a wand of acid (17)
 t - a wand of paralysis (14)
 w - a wand of iceblast (6)
Scrolls
 b - 9 scrolls of identify
 e - 9 scrolls of teleportation
 q - 2 scrolls of fog
 s - 3 scrolls of magic mapping
 E - a scroll of holy word
 H - a scroll of fear
Potions
 d - a potion of berserk rage
 g - 5 potions of might
 h - 4 potions of resistance
 i - 5 potions of lignification
 n - a potion of heal wounds
 o - 3 potions of curing
 p - 3 potions of ambrosia
 v - 2 potions of haste
 z - a potion of brilliance
 A - 2 potions of attraction
 B - a potion of mutation
 G - 2 potions of flight
Miscellaneous
 x - a condenser vane (inert)
 F - a lightning rod (inert)


   Skills:
 + Level 13.9 Fighting
 - Level 15.0 Dodging
 - Level 10.0 Stealth
 - Level 10.0 Unarmed Combat
 - Level 12.0 Evocations


You had 10 spell levels left.
You didn't know any spells.
Your spell library was empty.

Dungeon Overview and Level Annotations

Branches:
Dungeon (12/15)            Temple (0/1) D:4            Lair (6/6) D:10
 Shoals (0/4) Lair:2       Spider (0/4) Lair:3        Slime (0/5) Lair:6
    Orc (0/2) D:9

Altars:
Okawaru
Vehumet
Jiyva

Shops:
D:4 (

Annotations:
D:3 3 runed translucent doors, wineyard's ghost, amateur DsFE
D:8 exclusion: 2 oklob saplings
D:12 1 runed translucent door
Lair:3 1 runed translucent door, Ixoagrun's ghost, journeyman MiFi


Innate Abilities, Weirdness & Mutations

You have sharp claws.
You have razor-sharp teeth.
You have supernaturally acute eyesight. (SInv)
You cover ground quickly. (Speed+)
Your thick and shaggy fur keeps you warm. (AC +3, rC+)
Your paws help you pounce on unaware monsters.
You are incapable of wielding weapons or throwing items.
You cannot wear armour.
You gain extra lives every three experience levels.


Message History

You bite the manticore, but do no damage.
The manticore is lightly wounded.
The manticore completely misses you. x3
You claw the manticore!
The manticore is moderately wounded.
The manticore bites you.
* * * LOW HITPOINT WARNING * * *
The manticore completely misses you. x2
You claw the manticore!
The manticore is heavily wounded.
The manticore bites you!
You die...
The manticore closely misses you. x2
You are now level 11!
You rejoin the land of the living...
Unknown command.
You see here a water moccasin skeleton.
A manticore is nearby!
A manticore is nearby!
You claw the manticore!
The manticore is severely wounded.
The manticore closely misses you. The manticore claws you. x2
You barely miss the manticore.
The manticore is severely wounded.
The manticore completely misses you. x2; The manticore barely misses you.
The manticore bites you!! The manticore closely misses you.
The manticore barely misses you.
The manticore misses you. x2; The manticore barely misses you.
The manticore misses you. The manticore closely misses you.
The manticore misses you. The manticore bites you.
The manticore completely misses you. x2
The manticore completely misses you. x2; The manticore claws you!
The manticore misses you. The manticore claws you.
* * * LOW HITPOINT WARNING * * *
The manticore completely misses you. The manticore misses you.
The manticore claws you.
* * * LOW HITPOINT WARNING * * *
The manticore closely misses you. The manticore completely misses you.
The manticore claws you!
You die...

.................................
.(............^..................
.................8...............
..........8......................
##.............8........<........
#######....8....................
###......8................ ##
###......###............ P####
##.....@## ##......P.... ....#
#.P###..H## #.....##..). ...##
#######...####.......... 8.###
###.###†..# #.........^ .Y..#
##...†.##..# #.......... ##..##
###...#..H...###..........
###..###.H.Y.##......###.........
##........####....## #.........
##...###.## ###.## #.........


You could see a manticore.

Vanquished Creatures
  Snorg (D:11)
  Fannar (Lair:1)
  3 hydras
  A boulder beetle (Lair:3)
  2 catoblepae (Lair:6)
  6 death yaks
  3 two-headed ogres
  2 manticores
  A cyclops (D:12)
  2 black mambas
  9 elephants
  6 cane toads
  A gargoyle (D:11)
  3 rime drakes
  12 komodo dragons
  2 trolls
  3 polar bears
  Grinder (D:6)
  12 blink frogs
  7 dream sheep (Lair:6)
  A meliai zombie (D:10)
  2 redbacks (Lair:3)
  2 wyverns
  4 wraiths
  4 basilisks (Lair:2)
  30 yaks
  4 acid dragons
  12 water moccasins
  2 orc warriors (D:12)
  A sky beast (D:6)
  5 black bears
  28 wolves (Lair:3)
  An ogre (D:6)
  2 phantoms
  4 centaurs
  A kobold brigand (D:7)
  Blork the orc (D:6)
  A wyvern zombie (D:7)
  8 bullfrogs
  2 gnoll sergeants
  6 scorpions
  A water moccasin zombie (D:5)
  4 wights (D:8)
  4 howler monkeys
  2 electric eels (Lair:5)
  2 bullfrog zombies
  4 centaur zombies
  9 hounds
  2 jellies
  7 orc priests
  A gnoll shaman (D:4)
  Crazy Yiuf (D:2)
  9 iguanas
  9 orc wizards
  Ijyb (D:4)
  A killer bee zombie (D:8)
  11 gnolls
  12 adders
  2 white imps
  An ufetubus (D:4)
  2 worms (D:2)
  6 dart slugs
  31 orcs
  4 endoplasms
  3 giant cockroaches
  5 goblins
  8 hobgoblins
  4 jackals (D:5)
  3 quokkas
  3 training dummies (D:4)
  22 ball pythons
  5 bats
  A frilled lizard (D:1)
  8 kobolds
  4 rats
  A bush (D:8)
392 creatures vanquished.

Vanquished Creatures (others)
  A frilled lizard (D:1)
  33 fungi
  45 plants
79 creatures vanquished.

Grand Total: 471 creatures vanquished

Notes
Turn   | Place    | Note
-------+----------+-------------------------------------------
     0 | D:1      | MisterFreud the Felid Berserker began the quest for the
                  | Orb.
     0 | D:1      | Reached XP level 1. HP: 10/10 MP: 2/2
   201 | D:1      | Found a faded altar of an unknown god.
   211 | D:1      | Reached skill level 1 in Stealth
   350 | D:1      | Reached XP level 2. HP: 10/14 MP: 3/3
  1178 | D:2      | Reached XP level 3. HP: 17/17 MP: 4/4
  1233 | D:2      | Found a runed translucent door.
  1234 | D:2      | Noticed Crazy Yiuf
  1723 | D:2      | Killed Crazy Yiuf
  1724 | D:2      | Reached XP level 4. HP: 12/21 MP: 0/5
  2138 | D:3      | Found a runed translucent gate.
  2138 | D:3      | Found a runed translucent gate.
  2141 | D:3      | Found a runed translucent gate.
  2141 | D:3      | Noticed wineyard's ghost (amateur DsFE)
  2249 | D:3      | Reached ** piety under Trog
  3053 | D:4      | Noticed a phantom
  3056 | D:4      | Noticed a black bear
  3074 | D:3      | Killed a phantom
  3075 | D:3      | Reached skill level 5 in Stealth
  3075 | D:3      | Reached XP level 5. HP: 24/24 MP: 6/6
  3229 | D:4      | Reached skill level 5 in Unarmed Combat
  3630 | D:4      | Killed a black bear
  3631 | D:4      | Gained mutation: You are covered in thick fur. (AC +2)
                  | [Felid growth]
  3631 | D:4      | Reached XP level 6. HP: 28/28 MP: 7/7
  4064 | D:4      | Found a staircase to the Ecumenical Temple.
  4095 | D:4      | Noticed Ijyb
  4112 | D:4      | Reached skill level 5 in Dodging
  4121 | D:4      | Killed Ijyb
  4212 | D:4      | Reached skill level 6 in Dodging
  4212 | D:4      | Reached XP level 7. HP: 31/31 MP: 8/8
  4402 | D:4      | Found Jybrez's Firing Range.
  4586 | D:4      | Reached skill level 7 in Dodging
  4656 | D:4      | Reached *** piety under Trog
  4657 | D:4      | Reached skill level 8 in Dodging
  4937 | D:5      | Entered Level 5 of the Dungeon
  4970 | D:5      | Reached skill level 9 in Dodging
  4970 | D:5      | Reached XP level 8. HP: 17/34 MP: 9/9
  5277 | D:5      | Reached skill level 10 in Dodging
  5975 | D:6      | Found the amulet of the Air {Inacc Air Fly rElec RMsl}
  5980 | D:6      | Reached skill level 5 in Fighting
  6077 | D:6      | Noticed Blork the orc
  6087 | D:6      | Killed Blork the orc
  6608 | D:6      | Noticed Grinder
  6641 | D:6      | Killed Grinder
  6642 | D:6      | Reached XP level 9. HP: 25/41 MP: 10/10
  6979 | D:7      | Reached **** piety under Trog
  8525 | D:8      | Reached skill level 10 in Stealth
 10387 | D:9      | Found a staircase to the Orcish Mines.
 10426 | D:9      | Found a radiant altar of Vehumet.
 10534 | D:9      | Reached XP level 10. HP: 45/45 MP: 11/11
 10708 | D:9      | Reached skill level 10 in Unarmed Combat
 10813 | D:9      | Reached skill level 11 in Dodging
 10937 | D:9      | Reached ***** piety under Trog
 11063 | D:10     | Entered Level 10 of the Dungeon
 11391 | D:10     | Found a staircase to the Lair.
 11851 | D:10     | Noticed a two-headed ogre
 11866 | D:10     | Killed a two-headed ogre
 11867 | D:10     | Reached skill level 12 in Dodging
 12242 | D:11     | Noticed Snorg
 12247 | D:11     | Killed Snorg
 12248 | D:11     | Reached skill level 13 in Dodging
 12319 | D:11     | Reached skill level 14 in Dodging
 12395 | D:11     | Found an iron altar of Okawaru.
 12470 | D:11     | Noticed a gargoyle
 12486 | D:11     | Killed a gargoyle
 12727 | D:11     | Reached XP level 11. HP: 44/48 MP: 12/12
 12968 | D:11     | Noticed a two-headed ogre
 12973 | D:11     | Killed a two-headed ogre
 12974 | D:11     | Reached skill level 15 in Dodging
 13237 | D:12     | Reached skill level 1 in Evocations
 13628 | D:12     | Noticed a two-headed ogre
 13635 | D:12     | Killed a two-headed ogre
 13979 | D:12     | Found a runed translucent door.
 14103 | D:12     | Reached skill level 5 in Evocations
 14376 | Lair:1   | Entered Level 1 of the Lair of Beasts
 14854 | Lair:1   | Noticed Fannar
 14869 | Lair:1   | Killed Fannar
 15204 | Lair:2   | Found a staircase to the Shoals.
 15328 | Lair:2   | Gained mutation: Your thick and shaggy fur keeps you warm.
                  | (AC +3, rC+) [Felid growth]
 15328 | Lair:2   | Reached XP level 12. HP: 55/55 MP: 13/13
 15697 | Lair:2   | Slain by a basilisk
 15698 | Lair:2   | Reached XP level 11. HP: -1/52 MP: 12/12
 16568 | Lair:3   | Noticed a boulder beetle
 16571 | Lair:3   | Killed a boulder beetle
 16649 | Lair:3   | Found a hole to the Spider Nest.
 16724 | Lair:3   | You are sucked into a shaft and drop 2 floors!
 16780 | Lair:3   | Reached skill level 10 in Evocations
 17015 | Lair:3   | Noticed an eight-headed hydra
 17024 | Lair:3   | Killed an eight-headed hydra
 17939 | Lair:3   | Noticed a four-headed hydra
 17944 | Lair:3   | Killed a four-headed hydra
 17945 | Lair:3   | Reached XP level 12. HP: 49/58 MP: 13/13
 18086 | Lair:3   | Reached skill level 10 in Fighting
 18438 | Lair:3   | Found a runed translucent door.
 18439 | Lair:3   | Noticed Ixoagrun's ghost (journeyman MiFi)
 20793 | Lair:6   | Entered Level 6 of the Lair of Beasts
 21219 | Lair:6   | Noticed a six-headed hydra
 21221 | Lair:6   | Noticed a catoblepas
 21222 | Lair:6   | Noticed a death yak
 21228 | Lair:6   | Noticed a catoblepas
 22977 | Lair:6   | Found a viscous altar of Jiyva.
 22983 | Lair:6   | Found a staircase to the Slime Pits.
 22996 | Lair:6   | Killed a catoblepas
 23084 | Lair:6   | Noticed a death yak
 23087 | Lair:6   | Noticed a death yak
 23092 | Lair:6   | Noticed a death yak
 23108 | Lair:5   | Killed a death yak
 23109 | Lair:5   | Reached XP level 13. HP: 59/65 MP: 14/14
 24645 | Lair:6   | Mangled by a death yak
 24646 | Lair:6   | Reached XP level 12. HP: -11/63 MP: 13/13
 24760 | Lair:6   | Killed a death yak
 24763 | Lair:6   | Slain by a manticore
 24764 | Lair:6   | Reached XP level 11. HP: 0/59 MP: 12/12
 24778 | Lair:6   | Slain by a manticore

Illustrated notes

Levels and vault maps discovered:
D:1:      dpeg_arrival_round_a, layout_loops_ring,
          hellmonk_ecumenical_altar_zigzags
D:2:      layout_basic, uniq_crazy_yiuf_cottage
D:3:      layout_loops_corners, gammafunk_ghost_necromancy
D:4:      minmay_chambers_of_threes, layout_cave_pods,
          minmay_temple_entry_wispy, serial_column_ruins,
          column_ruins_courtyard_long, column_ruins_open_tiny,
          column_ruins_open_tiny, column_ruins_columns_dead_end,
          column_ruins_open_tiny, column_ruins_columns_T,
          nicolae_shop_firing_range, uniq_ijyb
D:5:      layout_rooms, minmay_misc_feat_rows
D:6:      wad_crossroads, layout_basic, uniq_blork_the_orc, uniq_grinder
D:7:      layout_rooms, enter_bailey_4
D:8:      layout_layer_cave, introduction_to_nature_2
D:9:      layout_roguey, vehumet_crystals, minmay_misc_feat_chi
D:10:     layout_roguey, lair_entry_dummy, kennysheep_pointless_box
D:11:     layout_loops_corners, serial_rivers, chequers_serial_rivers_marsh,
          chequers_serial_rivers_large_a, chequers_serial_rivers_micro_b,
          chequers_serial_rivers_micro_b, okawaru_gym_becter, uniq_snorg
D:12:     gammafunk_indiana_jones, layout_irregular_city
Lair:1:   layout_roguey, uniq_fannar
Lair:2:   beast_lair_carwin_large_1, layout_loops_ring,
          elwin_shoals_entry_rocks, grunt_megastairs_3
Lair:3:   layout_roguey, spider_nest_entry_webs, ebering_ghost_reflecting_pool,
          st_stairs_12, serial_bayou_shore_b
Lair:4:   layout_misc_corridors
Lair:5:   layout_cave_pods, cheibrodos_lair_caveside_slide, serial_bayou_pond_a
Lair:6:   evilmike_catoblepas_cave, layout_cave_shapes, slime_altar_1

Skill      XL: |  1  2  3  4  5  6  7  8  9 10 11 12 13 |
---------------+----------------------------------------+-----
Stealth        | 1 2 4 5 6 7 10 | 10.0
Unarmed Combat | 4 5 6 9 10 | 10.0
Dodging        | 6 9 10 14 15 | 15.0
Fighting       | 6 9 12 13 | 13.9
Evocations     | 11 12 | 12.0

Action                   |  1- 3 |  4- 6 |  7- 9 | 10-12 | 13-15 || total
-------------------------+-------+-------+-------+-------+-------++-------
Melee: Unarmed           |    65 |   127 |   579 |   893 |   104 ||  1768
       Bite              |     6 |     9 |    73 |   132 |    16 ||   236
       Punch             |     4 |     1 |    21 |    59 |     6 ||    91
Invok: Berserk           |     2 |     5 |     9 |    19 |     5 ||    40
       Trog's Hand       |       |       |     2 |     9 |     2 ||    13
Evoke: Wand              |       |       |     2 |     2 |       ||     4
       Condenser vane    |       |       |       |     2 |     1 ||     3
       Lightning rod     |       |       |       |     4 |       ||     4
  Use: Scroll            |       |       |    19 |     6 |     1 ||    26
       Potion            |       |       |       |     1 |       ||     1
 Stab: Sleeping          |     4 |     8 |    13 |    24 |       ||    49
       Distracted        |       |     1 |     3 |     3 |       ||     7
Armor: Skin              |     9 |    24 |    52 |    56 |     6 ||   147
Dodge: Dodged            |    53 |   112 |   520 |   963 |   108 ||  1756
       Repelled          |       |       |     4 |     4 |       ||     8
